Map: [ESL] Moondance

Players

Creator

  • Race: Protoss Protoss
  • Spawn Location: 6:00

ByuN - Winner!

  • Race: Terran Terran
  • Spawn Location: 12:00

Event: TSL 9

VOD

Have the link to the VOD?

Description

Time

  • Played on: Aug. 6, 2022, 8:35 a.m.
  • Length: 17:33

All games in this series

Show
View Real Time Build Order
Export as new Build Order

Creator Protoss 

Build Orders: 1 Gate Expand, Oracle Opening 

Get SALT Encoding   

  12  0:00  Probe  
  13  0:12  Probe  
  14  0:19  Pylon  
  14  0:24  Probe  
  15  0:37  Probe (Chrono Boost)  
  15  0:39  Gateway  
  16  0:47  Assimilator  
  16  0:48  Probe (Chrono Boost)  
  17  0:53  Probe (Chrono Boost)  
  18  1:03  Probe  
  19  1:15  Probe  
  20  1:26  Cybernetics Core  
  20  1:34  Nexus  
  20  1:40  Pylon  
  20  1:44  Probe  
  21  1:50  Assimilator  
  21  1:57  Probe  
  21  2:00  Adept (Chrono Boost)  
  22  2:04  Shield Battery  
  23  2:09  Probe  
  24  2:20  Adept (Chrono Boost)  
  24  2:21  Probe  
  25  2:27  Stargate  
  27  2:33  Warp Gate, Probe  
  28  2:42  Adept  
  30  2:47  Probe  
  31  2:53  Probe  
  32  2:59  Probe  
  33  3:06  Probe  
  33  3:08  Oracle (Chrono Boost)  
  33  3:12  Probe  
  38  3:18  Probe  
  39  3:29  Probe (Chrono Boost)  
  39  3:30  Probe (Chrono Boost)  
  39  3:32  Twilight Council  
  40  3:36  Pylon  
  42  3:42  Probe (Chrono Boost)  
  42  3:43  Probe (Chrono Boost)  
  42  3:45  Gateway  
  42  3:46  Probe (Chrono Boost)  
  43  3:51  Probe  
  44  3:55  Gateway  
  44  3:57  Probe  
  43  4:06  Blink (Chrono Boost)  
  43  4:07  Probe  
  43  4:09  Probe  
  38  4:11  Gateway  
  38  4:12  Shield Battery  
  38  4:18  Cybernetics Core  
  38  4:20  Stalker  
  38  4:23  Phoenix (Chrono Boost)  
  40  4:26  Probe  
  40  4:27  Probe  
  44  4:36  Stalker  
  46  4:42  Assimilator  
  46  4:43  Pylon  
  46  4:44  Assimilator, Stalker  
  48  5:03  Stalker  
  48  5:04  Probe  
  48  5:05  Probe  
  52  5:07  Zealot, Stalker  
  56  5:17  Nexus  
  56  5:18  Probe x2  
  58  5:22  Robotics Facility  
  58  5:29  Pylon  
  58  5:31  Stalker x2  
  62  5:41  Pylon  
  62  5:47  Probe x2  
  64  5:56  Stalker x3  
  70  6:04  Probe  
  70  6:05  Probe  
  70  6:10  Observer, Robotics Bay  
  73  6:16  Probe  
  73  6:17  Probe  
  75  6:20  Pylon  
  75  6:21  Stalker, Pylon  
  77  6:29  Probe x2  
  77  6:30  Probe, Stalker x2  
  84  6:39  Immortal (Chrono Boost)  
  88  6:43  Probe x3  
  91  6:48  Forge  
  91  6:53  Sentry  
  93  6:56  Probe  
  93  6:59  Probe  
  93  7:01  Probe  
  96  7:02  Assimilator  
  96  7:07  Colossus (Chrono Boost), Extended Thermal Lance, Pylon  
  96  7:08  Probe  
  103  7:20  Protoss Ground Weapons Level 1 (Chrono Boost), Charge  
  103  7:30  Gateway x2  
  103  7:32  Gateway  
  103  7:34  Nexus  
  103  7:36  Pylon  
  103  7:49  Colossus (Chrono Boost)  
  103  7:53  Gateway, Probe  
  103  7:54  Probe x2, Gateway  
  110  8:01  Zealot x2  
  110  8:02  Zealot  
  116  8:06  Templar Archives  
  114  8:16  Shield Battery  
  114  8:22  Zealot x3  
  120  8:28  Colossus (Chrono Boost)  
  122  8:35  Zealot  
  122  8:40  Pylon  
  124  8:41  Pylon  
  124  8:43  Pylon  
  118  8:50  Stalker x5  
  118  8:51  Stalker  
  118  8:53  Zealot  
  123  8:56  Zealot  
  117  9:13  Zealot x2, Immortal  
  117  9:16  Zealot  
  123  9:18  Zealot x2  
  123  9:19  Zealot x2  
  121  9:34  Probe x4  
  121  9:36  Assimilator x2  
  125  9:42  High Templar x4  
  125  9:43  Zealot x3  
  139  9:47  Pylon  
  139  9:48  Archon, Protoss Ground Weapons Level 2 (Chrono Boost)  
  139  9:49  Archon  
  139  9:51  Disruptor (Chrono Boost)  
  139  9:58  Forge  
  142  10:00  Dark Shrine  
  142  10:03  Nexus  
  142  10:09  Gateway  
  142  10:16  Disruptor  
  142  10:19  Photon Cannon  
  142  10:23  High Templar x2  
  142  10:24  Zealot x2  
  142  10:25  Zealot  
  142  10:28  Archon  
  155  10:34  Zealot x2  
  159  10:35  Protoss Ground Armor Level 1 (Chrono Boost)  
  159  10:38  Gateway  
  159  10:39  Probe x2  
  159  10:40  Probe x2  
  163  10:52  Warp Prism (Chrono Boost)  
  163  10:53  Zealot, High Templar x2  
  171  10:58  Archon  
  171  11:04  Pylon x2  
  171  11:05  Probe  
  171  11:06  Gateway  
  172  11:14  Pylon  
  172  11:15  Probe  
  172  11:16  Photon Cannon  
  172  11:18  Dark Templar x2  
  175  11:19  Shield Battery  
  175  11:20  Pylon  
  175  11:23  Archon  
  175  11:24  Dark Templar  
  175  11:25  Dark Templar  
  173  11:36  Colossus  
  153  11:42  Zealot x5  
  125  11:56  Observer  
  125  11:59  Protoss Ground Weapons Level 3 (Chrono Boost), Probe x5  
  126  12:05  Robotics Facility, Observer  
  126  12:09  Dark Templar x4  
  126  12:13  Archon x2, Sentry  
  126  12:14  Zealot x2  
  140  12:16  Probe x4  
  140  12:17  Probe  
  140  12:19  Stalker  
  147  12:27  Disruptor (Chrono Boost)  
  147  12:28  Probe  
  147  12:32  Robotics Facility  
  148  12:39  Nexus  
  148  12:44  Stalker x3  
  148  12:45  Dark Templar x2  
  148  12:48  Shield Battery  
  154  12:52  Dark Templar  
  154  13:07  Disruptor (Chrono Boost)  
  154  13:12  Stalker  
  160  13:13  Stalker  
  160  13:15  Disruptor (Chrono Boost)  
  160  13:16  Zealot x3  
  168  13:22  Warp Prism (Chrono Boost)  
  166  13:32  Nexus, Colossus (Chrono Boost), Assimilator  
  172  13:34  Assimilator  
  172  13:35  Dark Templar  
  172  13:37  Photon Cannon  
  172  13:39  Shield Battery  
  163  13:42  Stalker x4  
  163  13:46  Zealot x3  
  150  13:56  Zealot x2, Colossus (Chrono Boost)  
  142  14:07  Colossus (Chrono Boost)  
  148  14:10  Shield Battery  
  148  14:14  Pylon  
  148  14:15  Immortal (Chrono Boost)  
  152  14:17  Probe x4  
  152  14:18  Pylon  
  156  14:25  Dark Templar x2  
  159  14:35  Zealot x3  
  165  14:42  Stalker x2  
  160  14:52  Dark Templar  
  160  14:54  Colossus (Chrono Boost)  
  160  14:57  Dark Templar x3  
  163  15:00  Zealot x3  
  163  15:02  Observer (Chrono Boost), Archon  
  163  15:03  Archon  
  164  15:17  Photon Cannon  
  166  15:30  Dark Templar x2  
  169  15:37  Colossus (Chrono Boost)  
  169  15:41  Zealot x5  
  130  15:55  Stalker x3  
  121  15:58  Robotics Facility  
  121  16:01  Probe x5  
  124  16:13  Dark Templar x4, Probe x2  
  124  16:15  Pylon  
  124  16:17  Archon x2  
  132  16:22  Dark Templar  
  132  16:23  Zealot, Dark Templar  
  141  16:31  Disruptor (Chrono Boost)  
  126  16:33  Stalker x3  
  114  16:45  Dark Templar  
  102  16:48  Disruptor (Chrono Boost)  
  102  16:53  Zealot x4  
  115  17:01  Zealot x2  
  115  17:03  Sentry  
Show
View Real Time Build Order
Export as new Build Order

ByuN Terran - Winner!

Build Orders:  

Get SALT Encoding   

  12  0:00  SCV  
  13  0:12  SCV  
  14  0:16  Supply Depot  
  14  0:24  SCV  
  15  0:38  SCV  
  15  0:40  Barracks  
  15  0:42  Refinery  
  16  0:50  SCV  
  16  0:53  Refinery  
  17  1:02  SCV  
  18  1:14  SCV  
  19  1:26  Reaper, Orbital Command  
  19  1:27  Supply Depot  
  20  1:40  Factory  
  20  1:52  SCV  
  21  1:59  Reaper  
  22  2:05  SCV  
  23  2:17  SCV  
  23  2:21  Command Center  
  24  2:24  Hellion  
  24  2:29  SCV  
  27  2:32  Barracks Reactor  
  27  2:38  Starport  
  27  2:41  SCV  
  28  2:47  Supply Depot  
  27  2:53  SCV  
  27  2:55  Factory Tech Lab  
  29  3:05  SCV  
  29  3:08  Marine  
  29  3:09  Marine  
  31  3:14  Cyclone  
  31  3:17  SCV  
  31  3:19  Medivac  
  37  3:31  Marine  
  39  3:34  Marine  
  39  3:41  SCV  
  40  3:44  Orbital Command  
  40  3:50  Marine  
  40  3:52  Marine  
  40  3:54  Cyclone  
  45  4:01  SCV  
  43  4:10  Marine  
  43  4:11  Marine  
  43  4:12  Starport Tech Lab  
  43  4:13  SCV  
  46  4:17  SCV  
  46  4:22  Supply Depot  
  47  4:26  SCV  
  47  4:28  Marine  
  47  4:29  SCV, Marine  
  51  4:38  SCV  
  52  4:41  SCV  
  52  4:43  Raven, Siege Tank  
  52  4:45  Supply Depot  
  58  4:46  Marine  
  58  4:47  Marine  
  58  4:51  SCV  
  59  4:53  SCV  
  60  5:03  SCV  
  60  5:05  SCV  
  60  5:06  Marine x2  
  63  5:12  Command Center  
  63  5:14  Supply Depot  
  63  5:19  SCV  
  63  5:20  SCV  
  65  5:25  Barracks, Siege Tank  
  65  5:28  Barracks  
  68  5:31  SCV  
  68  5:32  SCV  
  70  5:38  Supply Depot  
  70  5:41  Marine  
  70  5:42  Marine  
  72  5:43  SCV  
  72  5:44  SCV  
  72  5:46  Supply Depot, Engineering Bay  
  74  5:55  SCV  
  74  5:56  SCV  
  76  6:00  Starport Reactor  
  76  6:04  Refinery  
  76  6:05  Refinery, Marine x2  
  76  6:07  SCV, Factory Reactor  
  76  6:08  Supply Depot, SCV  
  77  6:19  SCV  
  77  6:20  SCV, Barracks  
  77  6:24  Barracks  
  79  6:26  Stimpack, Marauder x2  
  79  6:31  SCV  
  79  6:32  Supply Depot, SCV, Terran Infantry Weapons Level 1  
  85  6:36  Marine x2  
  87  6:41  Medivac  
  87  6:45  Medivac  
  87  6:47  SCV  
  92  6:48  SCV  
  92  6:53  Orbital Command  
  94  6:55  Marine x2  
  94  6:56  Combat Shield  
  94  6:58  Marauder  
  96  7:02  Marauder  
  96  7:05  SCV x2  
  100  7:09  Barracks Reactor  
  100  7:10  Refinery  
  100  7:11  Barracks Tech Lab  
  100  7:14  Supply Depot  
  100  7:20  Marauder, Marine x2  
  106  7:23  Marauder  
  106  7:24  SCV x3  
  115  7:30  Medivac x2, Widow Mine x2  
  115  7:35  Supply Depot  
  115  7:36  SCV x3  
  120  7:37  Supply Depot  
  120  7:43  Marauder x2  
  124  7:45  Marauder  
  124  7:47  Marine x2  
  124  7:48  SCV x3, Marine x2  
  133  7:55  Armory  
  133  7:56  Engineering Bay  
  132  8:04  Marauder x2  
  132  8:05  Widow Mine x2  
  140  8:06  Marauder  
  140  8:12  Marine x3  
  143  8:13  Marine  
  140  8:26  Marauder x2  
  144  8:27  Marauder  
  141  8:34  Marine x4  
  141  8:37  Terran Infantry Armor Level 1  
  141  8:38  Widow Mine x2  
  149  8:47  Marauder  
  149  8:48  Marauder  
  147  8:52  Marauder  
  76  8:55  Medivac x2  
  138  8:58  Marine x4  
  138  8:59  Widow Mine  
  138  9:01  Terran Infantry Weapons Level 2  
  148  9:04  Widow Mine  
  148  9:09  Marauder  
  144  9:12  Marauder  
  144  9:14  Marauder  
  138  9:17  Command Center  
  138  9:18  Marine x4  
  138  9:20  Concussive Shells  
  139  9:30  Marauder  
  119  9:33  Viking x2, Marauder  
  119  9:35  Widow Mine x2, Marauder  
  129  9:40  Marine x4  
  129  9:51  Marauder  
  131  9:54  Ghost Academy, Marauder  
  131  9:56  Marauder  
  131  9:58  Marine  
  131  9:59  Terran Ship Weapons Level 1  
  136  10:04  Viking x2  
  136  10:06  Marine x3  
  143  10:16  Marine  
  144  10:23  Barracks, Ghost  
  144  10:24  Barracks  
  144  10:25  Ghost  
  144  10:26  Barracks  
  148  10:28  Ghost  
  149  10:48  Marine  
  149  10:49  Marine  
  146  10:53  Marauder  
  146  10:54  Viking x2, Marauder  
  146  10:56  Orbital Command  
  154  10:58  Marauder  
  154  11:00  Marine  
  154  11:01  Marine  
  158  11:07  Widow Mine x2  
  162  11:11  Missile Turret, Marine x2  
  162  11:12  Barracks Tech Lab  
  162  11:13  Missile Turret  
  162  11:14  Barracks Tech Lab, Marauder  
  162  11:15  Barracks Reactor  
  162  11:16  Marauder  
  168  11:19  Marauder  
  168  11:22  Missile Turret  
  170  11:26  Viking, Missile Turret  
  170  11:28  Terran Infantry Weapons Level 3  
  170  11:30  Viking  
  172  11:35  Marauder x2  
  157  11:40  Ghost x2  
  157  11:42  Marauder, Marine x2  
  142  11:49  Marine  
  142  11:52  Marine x3  
  125  11:56  Marauder x2  
  125  11:59  Marine x2  
  124  12:02  Liberator  
  124  12:03  Marauder  
  129  12:09  Widow Mine x2, Marauder, Marine x2  
  129  12:10  Marauder, Marine  
  129  12:12  Liberator  
  129  12:14  Refinery x2, SCV x3  
  146  12:16  SCV  
  146  12:20  Missile Turret  
  151  12:23  Marauder x2  
  151  12:28  Missile Turret, Ghost  
  153  12:31  Marauder x2  
  153  12:33  Marine x2  
  153  12:35  Marine x2  
  153  12:36  Marine x2  
  163  12:42  Widow Mine x2  
  165  12:53  Ghost x2  
  165  12:55  Marauder x2, Marine x5  
  165  12:56  Marine  
  179  13:07  Marauder  
  173  13:13  Marine x5  
  173  13:16  Widow Mine  
  173  13:19  Ghost  
  180  13:23  Terran Infantry Armor Level 2, Marauder, Marine  
  180  13:24  Marine  
  180  13:27  Ghost  
  180  13:30  Widow Mine  
  180  13:34  Supply Depot x2, Ghost  
  180  13:35  Marine x3  
  178  13:41  Ghost  
  178  13:45  Marauder  
  182  13:49  Marauder  
  164  13:56  Marine x4  
  164  13:58  Marauder  
  164  13:59  Marine x2  
  144  14:04  Marauder  
  144  14:06  Marauder  
  148  14:10  Marauder  
  148  14:11  Marauder  
  148  14:13  Marine x2  
  148  14:14  Marine x2  
  156  14:19  Marauder  
  156  14:23  Marine x2  
  160  14:25  Marauder  
  160  14:27  Marauder  
  164  14:31  Marine x2  
  164  14:32  Marauder x2  
  170  14:41  Marauder  
  170  14:45  Command Center  
  171  14:46  Marine x2  
  171  14:47  Marauder  
  171  14:49  Marauder  
  173  14:53  Marauder x2  
  172  15:02  Marauder  
  172  15:04  Viking  
  175  15:08  Terran Ship Weapons Level 2, Marauder  
  175  15:10  Marauder  
  179  15:14  Marauder  
  179  15:15  Marauder  
  179  15:16  Viking  
  185  15:23  Marauder  
  185  15:33  Missile Turret  
  185  15:34  Medivac  
  185  15:42  Marauder x2  
  187  15:46  Medivac  
  187  15:49  Marauder  
  175  15:50  Marauder  
  175  15:51  Marine x2  
  175  15:52  Marine  
  175  15:59  Widow Mine x2  
  175  16:04  Viking  
  181  16:06  Marauder x2, Starport  
  181  16:07  Marauder  
  181  16:11  Marauder  
  189  16:16  Viking  
  191  16:20  Widow Mine  
  191  16:25  Widow Mine  
  193  16:29  Marauder x2  
  193  16:31  Marauder, Ghost x2  
  172  16:41  Widow Mine  
  172  16:44  Marine x3  
  162  16:49  Medivac  
  162  16:50  Medivac, Ghost x2  
  162  16:51  Starport Reactor, Ghost  
  168  17:00  Ghost x2  
  162  17:09  Marine x3  
Tags
 
Add a new tag
Caveats
  • Supply blocks, unpowered buildings, or Contaminate may cause inaccurate times.
  • Supply counts are checked every 10 seconds.